 Dungeon Crawl Stone Soup version 0.28.0 (webtiles) character file.

Game seed: 16625445176112871242

6223 zkyp the Protected (level 10, 0/60 HPs)
             Began as a Gargoyle Gladiator on Feb 12, 2022.
             Was an Initiate of Gozag.
             Slain by a wyvern (14 damage)
             ... on level 8 of the Dungeon.
             The game lasted 00:10:16 (10550 turns).

zkyp the Protected (Gargoyle Gladiator)            Turns: 10550, Time: 00:10:17

Health: 0/60       AC: 21    Str: 22    XL:     10   Next: 92%
Magic:  10/10      EV:  9    Int:  9    God:    Gozag
Gold:   879        SH:  7    Dex: 11    Spells: 9/9 levels left

rFire   . . .      SeeInvis .   s - +0 hand axe (elec)
rCold   . . .      Faith    .   r - +2 buckler
rNeg    + . .      Spirit   .   j - +0 chain mail
rPois   ∞          Reflect  .   c - +0 helmet
rElec   +          Harm     .   (no cloak)
rCorr   .          Rampage  .   (no gloves)
Will    .....                   (no boots)
Stlth   ..........              (no amulet)
HPRegen 0.20/turn               (no ring)
MPRegen 0.12/turn               (no ring)

@: gold aura
A: sickness immunity, AC +7, negative energy resistance 1, electricity
resistance, torment resistance 1, petrification resistance
a: Renounce Religion, Potion Petition, Call Merchant, Bribe Branch


You were on level 8 of the Dungeon.
You worshipped Gozag.
Gozag was pleased with you.
You visited 1 branch of the dungeon, and saw 8 of its levels.
You also visited: Sewer.

You collected 1228 gold pieces.
You spent 42 gold pieces at shops.
You paid 307 gold pieces to Gozag.

Inventory:

Hand Weapons
 a - a +0 war axe
 e - a +0 hand axe of venom
 s - a +0 hand axe of electrocution (weapon)
Missiles
 d - 3 throwing nets {=f =F}
Armour
 c - a +0 helmet (worn)
 j - a +0 chain mail (worn)
 r - a +2 buckler (worn)
Jewellery
 p - an amulet of guardian spirit
Wands
 f - a wand of paralysis (10)
 v - a wand of flame (24)
 w - a wand of digging (4)
Scrolls
 b - 2 scrolls of enchant armour {unknown}
 i - a scroll of torment {unknown}
 k - 6 scrolls of teleportation
 l - 3 scrolls of vulnerability {unknown}
 o - a scroll of summoning {unknown}
 t - a scroll of blinking
 u - a scroll of holy word {unknown}
Potions
 h - a potion of haste
 m - a potion of attraction
 n - a potion of might
 q - a potion of cancellation
 x - a potion of resistance


   Skills:
 + Level 5.9 Fighting
 * Level 7.1 Axes
 - Level 1.7 Throwing
 - Level 13.5 Armour
 - Level 2.4 Dodging
 - Level 5.2 Shields


You had 9 spell levels left.
You didn't know any spells.
Your spell library contained the following spells:

 Spells                   Type           Power      Damage    Failure   Level
 Dazzling Flash           Conj/Hex       0%         N/A       100%        3
 Iskenderun's Mystic Bla  Conj/Tloc      0%         2d3       100%        4
 Starburst                Conj/Fire      0%         6d3       100%        6


Dungeon Overview and Level Annotations

Branches:
Dungeon (8/15)             Temple (0/1) D:4           Sewer (visited)
   Lair: D:8-11

Altars:
Gozag
Hepliaklqana
Sif Muna
Wu Jian
Zin

Shops:
D:2 [?[


Innate Abilities, Weirdness & Mutations

You are immune to sickness and miasma.
Your stone body is resilient. (AC +7)
You are immune to poison.
You resist negative energy. (rN+)
You are resistant to electric shocks. (rElec)
You are resistant to unholy torment.
You are immune to petrification.


Message History

Lightning courses through the howler monkey zombie!
You destroy the howler monkey zombie!
You hit the wyvern but do no damage. You block the wyvern's attack.
The wyvern bites you!
You hit the wyvern but do no damage. Lightning courses through the wyvern!
The wyvern is heavily wounded.
You block the wyvern's attack.
A river rat comes into view.
You closely miss the wyvern.
The wyvern is heavily wounded.
The wyvern bites you.
You completely miss the wyvern.
The wyvern is heavily wounded.
You hit the two-headed ogre.
Lightning courses through the two-headed ogre!
The wyvern hisses menacingly.
You block the wyvern's attack. The wyvern bites you!
The two-headed ogre hits you with a +0 giant club!
You block the two-headed ogre's attack.
You are too injured to fight recklessly!
You are too injured to fight recklessly!
You are too injured to fight recklessly!
You are too injured to fight recklessly!
You are too injured to fight recklessly!
The wyvern closely misses you.
There is a stone staircase leading up, spattered with blood here.
You see here 9 gold pieces.
You block the wyvern's attack.
The river rat is distracted by your dazzling golden aura.
The two-headed ogre hits you but does no damage.
The two-headed ogre hits you with a +0 giant club!
* * * LOW HITPOINT WARNING * * *
You see here 5 gold pieces.
The wyvern closely misses you.
Found 2 potions of curing.
The river rat is no longer distracted by gold.
The river rat is distracted by your dazzling golden aura.
The wyvern bites you!
You die...
Your body crumbles into a pile of gold.

..# ..#
#...........
#........#.#
#..........## ..
#........#..###..#
#........#.....!..
#........#@..##.#
#........#l#....#
#.....$O$........#
#####..$###......#
#.$$# ......#
#...# ......#
.....# ......#
.r....# ......#
......... .....##


You could see a wyvern.

Vanquished Creatures
  2 centaur zombies (D:7)
  Maggie (D:6)
  4 centaur skeletons (D:7)
  2 hellwings (D:7)
  A redback zombie (D:7)
  A meliai zombie (D:7)
  2 steam dragons (D:5)
  4 water moccasins
  A black bear (D:5)
  An ice beast (D:5)
  A centaur (D:7)
  A phantom (D:6)
  3 ogres
  A kobold brigand (D:7)
  3 bullfrogs
  3 scorpions
  A wyvern skeleton (D:6)
  9 wights
  3 howler monkeys
  2 jellies (D:7)
  A bullfrog zombie (D:4)
  3 hounds
  7 orc priests
  2 bullfrog skeletons
  6 orc wizards
  3 iguanas
  Robin (D:2)
  3 howler monkey zombies
  3 gnolls (D:6)
  4 adders
  5 shadow imps (D:7)
  An adder skeleton (D:4)
  A worm (D:2)
  A dart slug (D:1)
  18 orcs
  5 endoplasms
  12 giant cockroaches
  12 goblins
  8 hobgoblins
  4 jackals (D:1)
  10 quokkas
  13 ball pythons
  4 bats
  11 frilled lizards
  16 kobolds
  12 rats
212 creatures vanquished.

Vanquished Creatures (others)
  9 fungi (D:5)
  10 withered plants (D:7)
19 creatures vanquished.

Grand Total: 231 creatures vanquished

Notes
Turn   | Place    | Note
-------+----------+-------------------------------------------
     0 | D:1      | zkyp the Gargoyle Gladiator began the quest for the Orb.
     0 | D:1      | Reached XP level 1. HP: 12/12 MP: 1/1
    76 | D:1      | Reached XP level 2. HP: 9/18 MP: 2/2
   651 | D:1      | Found a faded altar of an unknown god.
   655 | D:1      | Reached XP level 3. HP: 22/22 MP: 3/3
  1317 | D:2      | Found Paci's Magic Scroll Shop.
  1322 | D:2      | Bought a scroll of teleportation for 42 gold pieces
  1383 | D:2      | Found Roolot's Armour Emporium.
  1573 | D:2      | Noticed Robin
  1586 | D:2      | Reached XP level 4. HP: 17/28 MP: 4/4
  1594 | D:2      | Killed Robin
  2069 | D:2      | Found Usesam's Antique Armour Boutique.
  2369 | D:2      | Reached XP level 5. HP: 26/32 MP: 5/5
  2476 | D:3      | HP: 1/33 [orc (5)]
  2562 | D:3      | Found an opulent altar of Gozag.
  2679 | D:3      | Became a worshipper of Gozag Ym Sagoz the Greedy
  2783 | D:3      | Reached skill level 5 in Axes
  2783 | D:3      | Reached XP level 6. HP: 27/38 MP: 6/6
  3282 | D:4      | Reached skill level 1 in Shields
  3750 | D:4      | Reached XP level 7. HP: 23/43 MP: 7/7
  4074 | D:4      | Found a staircase to the Ecumenical Temple.
  4185 | D:4      | Reached skill level 5 in Shields
  4556 | D:5      | Entered Level 5 of the Dungeon
  4580 | D:5      | Found a glowing drain.
  4607 | Sewer    | Entered a sewer
  4917 | Sewer    | Reached skill level 2 in Armour
  4927 | Sewer    | Reached skill level 3 in Armour
  5445 | D:5      | Reached skill level 4 in Armour
  5445 | D:5      | Reached XP level 8. HP: 48/48 MP: 8/8
  5619 | D:5      | Reached skill level 5 in Armour
  5884 | D:5      | Reached skill level 6 in Armour
  5891 | D:5      | Reached skill level 7 in Armour
  6768 | D:6      | Reached skill level 8 in Armour
  7026 | D:6      | Reached XP level 9. HP: 20/52 MP: 9/9
  7370 | D:6      | Found a hazy altar of Hepliaklqana.
  7553 | D:6      | Reached skill level 9 in Armour
  7771 | D:6      | Noticed Maggie
  7790 | D:6      | Killed Maggie
  7791 | D:6      | Reached skill level 10 in Armour
  8383 | D:7      | Noticed a hellwing
  8383 | D:7      | Noticed a hellwing
  8451 | D:6      | Reached skill level 11 in Armour
  8621 | D:7      | Killed a hellwing
  8806 | D:7      | Reached skill level 12 in Armour
  8806 | D:7      | Reached XP level 10. HP: 39/57 MP: 10/10
  9045 | D:7      | Reached skill level 13 in Armour
  9522 | D:7      | Reached skill level 5 in Fighting
  9670 | D:7      | HP: 1/59 [meliai zombie (6)]
 10187 | D:7      | Found an ornate altar of the Wu Jian Council.
 10377 | D:7      | Found a shimmering blue altar of Sif Muna.
 10377 | D:7      | Found a glowing silver altar of Zin.
 10534 | D:8      | Noticed a two-headed ogre
 10550 | D:8      | Slain by a wyvern

Illustrated notes

Levels and vault maps discovered:
D:1:      dpeg_arrival_concentric_ovals, layout_loops_ring,
          dreamdust_ecumenical_altar_statues
D:2:      minmay_skewed_foursquare, layout_basic, serial_shops, shop,
          nicolae_shop_waterfront, nicolae_shop_trees, uniq_robin
D:3:      layout_rooms, nicolae_gozag_cash_rules_everything_around_me,
          grunt_decor_junction, minivault_25
D:4:      layout_basic, minmay_temple_entry_proselytizer
D:5:      kennysheep_steamy, layout_loops_ring, gup_sewer_entry_pipe
D:6:      layout_basic, nicolae_hepliaklqana_hippocampus, serial_corexii_hall,
          corexii_hall_statues_i, corexii_hall_statues_u,
          corexii_hall_statues_t, corexii_hall_statues_x,
          chequers_hall_statues_y, corexii_hall_statues_l,
          nicolae_fountain_basement, uniq_maggie
D:7:      cheibrodos_grave_circle, layout_loops_ring,
          mainiacjoe_overflow_divided_tiny, pdpol_wu_jian_five_deadly_venoms,
          st_stairs_8
D:8:      layout_basic, bloody_makhleb, dpeg_lair_monsters, uniq_harold

Skill      XL: |  1  2  3  4  5  6  7  8  9 10 |
---------------+-------------------------------+-----
Axes           | 3 4 5 7 |  7.1
Fighting       | 3 4 5 |  5.9
Shields        | 4 5 |  5.2
Armour         | 4 8 12 13 | 13.5
Throwing       | |  1.7
Dodging        | |  2.4

Action                   |  1- 3 |  4- 6 |  7- 9 | 10-12 || total
-------------------------+-------+-------+-------+-------++-------
Melee: War axe           |    40 |       |       |       ||    40
       Hand axe          |    58 |   133 |   371 |   232 ||   794
Invok: Potion Petition   |       |       |     1 |       ||     1
Evoke: Wand              |       |       |     1 |     5 ||     6
  Use: Potion            |       |     1 |     6 |     1 ||     8
       Scroll            |       |       |     4 |     3 ||     7
 Stab: Paralysed         |       |       |       |     9 ||     9
       Distracted        |       |       |       |     1 ||     1
Armor: Leather armour    |    22 |       |       |       ||    22
       Chain mail        |    15 |    98 |   229 |   203 ||   545
Dodge: Dodged            |    69 |    43 |   136 |   108 ||   356
Block: Buckler           |       |    15 |   117 |    90 ||   222
